 Dungeon Crawl Stone Soup version 0.24.1 (webtiles) character file.

Game seed: 11422562569950364110, levelgen mode: deterministic

90 BowlsofSteal the Ruffian (level 4, -4/35 HPs)
             Began as a Draconian Transmuter on Apr 6, 2020.
             Slain by a gnoll
             ... wielding a +0 spear
              (9 damage)
             ... on level 3 of the Dungeon.
             The game lasted 00:21:44 (2680 turns).

BowlsofSteal the Ruffian (Draconian Transmuter)     Turns: 2680, Time: 00:21:47

Health: -4/35      AC:  6    Str: 12      XL:     4   Next: 32%
Magic:  1/8        EV: 12    Int: 15      God:
Gold:   165        SH:  0    Dex: 10 (13) Spells: 2/8 levels left

rFire    . . .     SeeInvis +   E - +0 mace
rCold    . . .     Gourm    .   (no shield)
rNeg     . . .     Faith    .   (armour unavailable)
rPois    .         Spirit   .   (helmet restricted)
rElec    .         Reflect  .   (no cloak)
rCorr    .         Harm     .   v - +0 pair of gloves
MR       .....                  (no boots)
Stlth    +.........             (no amulet)
HPRegen  0.11/turn              (no ring)
MPRegen  0.11/turn              (no ring)

@: very slightly contaminated
A: unfitting armour, see invisible, agile 1, mutation resistance 1,
cold-blooded, AC +5
a: no special abilities


You were on level 3 of the Dungeon.
You were hungry.

You visited 1 branch of the dungeon, and saw 3 of its levels.

You collected 165 gold pieces.

Inventory:

Hand Weapons
 d - a +0 dagger
 f - a +0 hunting sling
 h - a +0 dagger
 r - a +0 club
 C - a +0 dagger
 E - a +0 mace (weapon)
Missiles
 a - 27 arrows
 b - 96 stones (quivered)
 g - 13 poisoned darts
 j - 8 boomerangs
 B - 4 datura-tipped darts
 D - 3 silver boomerangs
Armour
 k - a +0 robe
 n - a +0 chain mail
 s - a +0 robe
 u - a +0 ring mail
 v - a +0 pair of gloves (worn)
 w - a +0 leather armour
 y - a +0 ring mail
Scrolls
 i - a scroll of enchant weapon {unknown}
 p - a scroll of immolation
 t - a scroll of teleportation {unknown}
 x - a scroll of identify
Potions
 o - a potion of brilliance
 q - 2 potions of heal wounds
 A - a potion of mutation
Comestibles
 c - 5 chunks of flesh
 z - a ration


   Skills:
 + Level 1.1 Fighting
 + Level 0.7 Short Blades
 + Level 2.2 Dodging
 + Level 3.8 Unarmed Combat
 + Level 2.8 Spellcasting
 + Level 2.6 Transmutations


You had 2 spell levels left.
You knew the following spells:

 Your Spells              Type           Power        Failure   Level  Hunger
a - Beastly Appendage     Tmut           #.....       7%          1    #......
b - Sticks to Snakes      Tmut           #.......     11%         2    ##.....
c - Spider Form           Tmut/Pois      #.........   34%         3    ###....

Your spell library contained the following spells:

 Spells                   Type           Power        Failure   Level  Hunger
 Ice Form                 Ice/Tmut       #.......     75%         4    #####..
 Blade Hands              Tmut           #.........   89%         5    ######.


Dungeon Overview and Level Annotations

Branches:
Dungeon (3/15)

Altars:
Elyvilon


Innate Abilities, Weirdness & Mutations

Your plain brown scales are hard. (AC +5)
You cannot fit into any form of body armour.
You are cold-blooded and may be slowed by cold attacks.
You have supernaturally acute eyesight. (SInv)
You are agile. (Dex +2)
You are somewhat resistant to further mutation.


Message History

The adder bites you. The adder bites you but does no damage.
The gnoll hits you but does no damage. The adder closely misses you.
The adder bites you but does no damage.
The gnoll hits you from afar with a +0 spear!
* * * LOW HITPOINT WARNING * * *
Your ball python closely misses the gnoll.
Your ball python barely misses the gnoll.
Your magical contamination has completely faded away.
The goblin hits your ball python with a +0 dagger.
Your ball python dies!
The adder bites you.
* * * LOW HITPOINT WARNING * * *
Casting: Sticks to Snakes (safe; 11% risk of failure)
Confirm with . or Enter, or press ? or * to list all spells.
You miscast Sticks to Snakes.
You are very lightly contaminated with residual magic.
Nothing appears to happen.
The adder barely misses you.
The gnoll hits you from afar with a +0 spear!
You die...

##### ####### ##...##
.......###.....##
######...#...@Sg.#
.......#.........####
##.##...#.....>.gg.#
###.###.###.....###.#
#...##...##....####.#
#.#................S#
#.#.##...##.######..#
#.#.###.###.######..#
. #.#.# #.#
#.........#


You could see 2 gnolls, an adder and a goblin.

Vanquished Creatures
  An ooze (D:1)
  5 worms
  A dart slug (D:3)
  2 leopard geckos (D:2)
  4 orcs (D:3)
  A ball python (D:2)
  4 bats
  2 giant cockroaches
  A goblin (D:1)
  6 hobgoblins
  4 jackals (D:1)
  A kobold (D:1)
  A quokka (D:2)
  2 frilled lizards (D:1)
  4 rats
39 creatures vanquished.

Vanquished Creatures (collateral kills)
  A gnoll (D:3)
  An adder (D:3)
  2 worms (D:2)
  An orc (D:3)
  A ball python (D:2)
  A frilled lizard (D:1)
  A goblin (D:2)
  A rat (D:2)
9 creatures vanquished.

Grand Total: 48 creatures vanquished

Notes
Turn   | Place    | Note
-------+----------+-------------------------------------------
     0 | D:1      | BowlsofSteal the Draconian Transmuter began the quest for
                  | the Orb.
     0 | D:1      | Reached XP level 1. HP: 16/16 MP: 3/3
   217 | D:1      | Reached XP level 2. HP: 17/23 MP: 5/5
   575 | D:1      | Learned a level 2 spell: Sticks to Snakes
  1097 | D:1      | Gained mutation: You have supernaturally acute eyesight.
                  | (SInv) [potion of mutation]
  1097 | D:1      | Gained mutation: You are agile. (Dex +2) [potion of
                  | mutation]
  1097 | D:1      | Gained mutation: You are somewhat resistant to further
                  | mutation. [potion of mutation]
  1170 | D:2      | Reached XP level 3. HP: 15/28 MP: 6/6
  1340 | D:2      | Learned a level 3 spell: Spider Form
  2260 | D:3      | Found a white marble altar of Elyvilon.
  2265 | D:3      | Reached XP level 4. HP: 32/35 MP: 4/7
  2680 | D:3      | Slain by a gnoll

Levels and vault maps discovered:
D:1:      evilmike_arrival_run_for_it, layout_loops_cross
D:2:      layout_loops_cross
D:3:      kennysheep_the_goblin_king, layout_loops_ring,
          overflow_temple_1_default, chequers_ecumenical_altar_simple,
          minmay_statues_item, uniq_ijyb

Skill      XL: |  1  2  3 |
---------------+----------+-----
Dodging        | 2 |  2.2
Fighting       | |  1.1
Short Blades   | |  0.7
Unarmed Combat | |  3.8
Spellcasting   | |  2.8
Transmutations | |  2.6

Action                   |  1- 3 |  4- 6 || total
-------------------------+-------+-------++-------
Melee: Unarmed           |    39 |     9 ||    48
       Tailslap          |    14 |       ||    14
       Kick              |     8 |       ||     8
       Headbutt          |     4 |       ||     4
       Dagger            |   102 |    17 ||   119
       Punch             |     2 |     1 ||     3
 Cast: Beastly Appendage |    12 |     2 ||    14
       Sticks to Snakes  |    10 |     9 ||    19
       Spider Form       |     1 |     2 ||     3
  Use: Scroll            |     5 |       ||     5
       Potion            |     6 |     2 ||     8
 Stab: Distracted        |     1 |       ||     1
  Eat: Chunk             |     3 |     1 ||     4
       Ration            |     1 |       ||     1
Armor: Skin              |    40 |    12 ||    52
Dodge: Dodged            |   105 |    31 ||   136
